 Dungeon Crawl Stone Soup version 0.19-a0-1007-g133f65f (webtiles) character file.

207 mistymad the Skirmisher (level 6, -2/50 HPs)
             Began as a Formicid Abyssal Knight on July 19, 2016.
             Was a Believer of Lugonu.
             Slain by Natasha (6 damage)
             ... on level 2 of the Dungeon.
             The game lasted 00:11:57 (3274 turns).

mistymad the Skirmisher (Formicid Abyssal Knight)   Turns: 3274, Time: 00:11:57

Health: -2/50      AC:  3    Str: 19    XL:     6   Next: 11%
Magic:  7/7        EV: 11    Int: 11    God:    Lugonu [**....]
Gold:   78         SH:  3    Dex: 10    Spells: 0 memorised, 5 levels left

rFire  . . .     SeeInvis +     a - +1 hand axe
rCold  . . .     Gourm    .     b - +0 leather armour
rNeg   . . .     Faith    .     l - +0 buckler
rPois  .         Spirit   .     (helmet unavailable)
rElec  .         Dismiss  .     (no cloak)
rCorr  .         Reflect  .     (no gloves)
SustAt .         Harm     .     (no boots)
MR     .....                    (no amulet)
Stlth  +.........               (no ring)
                                (no ring)

@: very slightly contaminated, not resistant to hostile enchantments, very
unstealthy
A: permanent stasis, dig shafts and tunnels, four strong arms, antennae 3
a: Dig, Shaft Self, Depart the Abyss, Bend Space, Renounce Religion


You were on level 2 of the Dungeon.
You worshipped Lugonu.
Lugonu was pleased with you.
You were not hungry.

You visited 1 branch of the dungeon, and saw 2 of its levels.
You visited the Abyss 1 time.

You collected 78 gold pieces.

Inventory:

Hand Weapons
 a - a +1 hand axe (weapon)
 d - a +1 mace of protection
Armour
 b - a +0 leather armour (worn)
 l - a +0 buckler (worn)
Scrolls
 e - 2 scrolls of remove curse {unknown}
 f - a scroll of magic mapping {unknown}
 m - 3 scrolls of identify {unknown}
 o - a scroll of teleportation {unknown}
Potions
 g - a potion of resistance
 i - a potion of haste {unknown}
 j - a potion of mutation {unknown}
 k - a potion of lignification
Comestibles
 c - a bread ration
 h - 3 chunks of flesh
 n - a meat ration


   Skills:
 + Level 4.8 Fighting
 + Level 3.7 Axes
 + Level 3.7 Armour
 - Level 0.8 Dodging
 + Level 1.2 Shields
 - Level 2.1 Invocations


You had 5 spell levels left.
You didn't know any spells.

Dungeon Overview and Level Annotations

Branches:
Dungeon (2/15)

Altars:
Kikubaaqudgha
Vehumet
The Shining One

Annotations:
D:2 Natasha


Innate Abilities, Weirdness & Mutations

You are under a permanent stasis effect.
You can dig through walls and to a lower floor.
Your four strong arms can wield two-handed weapons with a shield.
You have a pair of large antennae on your head. (SInv)


Message History

You regained 3 hp, and now have 22/50 hp.
MP restored: 7
There is an open door here.
Things that are here:
a quarterstaff of chaos; an embroidered cloak; the gnoll corpse of Crazy Yiuf You see here a mace.
Natasha claws you.
There is an open door here.
Things that are here:
a quarterstaff of chaos; an embroidered cloak; the gnoll corpse of Crazy Yiuf You take 5 damage, and have 17/50 hp.
You completely miss Natasha. Natasha claws you!
* * * LOW HITPOINT WARNING * * *
You take 7 damage, and have 10/50 hp.
You hit Natasha.
Natasha is moderately wounded.
Natasha claws you.
* * * LOW HITPOINT WARNING * * *
Natasha claws you.
You die...

#.##.# ###..# #.#
#.#..# #..# #.# ####
#.#.## ##.# #.#
#####...
#...########## ###
#.....#. ##........#
#######. ..........#
#.. #.........# #####
♣♣#######.#
#.##......# #)))#♣♣
♣♣..........
.(##..>...#
#.))@h♣♣♣♣......>...#
#.##......#
#)))#♣))♣...........#
#.##...)..#
#####♣♣♣)♣)....######
#.######### ♣♣♣♣♣#.##
#.###.....# #.#
#.#.[.#####
#############.#######
....###
##........##......##)#
..###
#..###.#####......#.#.
.## ####.##
#.#####......###.


You could see Natasha.

Vanquished Creatures
  Crazy Yiuf (D:2)
  Natasha (twice) (D:2)
  Robin (D:2)
  3 adders (D:2)
  An ooze (D:2)
  A worm (D:2)
  2 dart slugs
  6 giant geckos
  19 goblins
  11 hobgoblins
  3 jackals (D:1)
  6 kobolds
  A quokka (D:2)
  7 bats
  A giant newt (D:1)
  7 rats
72 creatures vanquished.

Notes
Turn   | Place    | Note
-------+----------+-------------------------------------------
     0 | Abyss:1  | mistymad the Formicid Abyssal Knight began the quest for the Orb.
     0 | Abyss:1  | Reached XP level 1. HP: 18/18 MP: 2/2
    58 | Abyss:1  | Found an oddly glowing altar of Pakellas.
    64 | Abyss:1  | Noticed a raiju
    71 | Abyss:1  | Upgraded the game from 0.19-a0-1002-g674d22e to 0.19-a0-1007-g133f65f
    71 | D:1      | Escaped the Abyss
   171 | D:1      | Reached * piety under Lugonu
   195 | D:1      | Reached XP level 2. HP: 22/24 MP: 3/3
   430 | D:1      | Reached XP level 3. HP: 29/30 MP: 4/4
   645 | D:1      | Found a glowing golden altar of the Shining One.
  1640 | D:2      | Found a runed door.
  1674 | D:2      | Noticed Robin
  1675 | D:2      | Reached skill level 4 in Fighting
  1675 | D:2      | Reached XP level 4. HP: 37/37 MP: 5/5
  1701 | D:2      | Killed Robin
  1723 | D:2      | Reached ** piety under Lugonu
  2080 | D:2      | Noticed Natasha
  2094 | D:2      | Killed Natasha
  2094 | D:2      | Reached XP level 5. HP: 29/43 MP: 6/6
  2334 | D:2      | Noticed Natasha
  2413 | D:2      | HP: 1/43 [Natasha (6)]
  2418 | D:2      | Killed Natasha
  2766 | D:2      | Found an ancient bone altar of Kikubaaqudgha.
  2766 | D:2      | Found a radiant altar of Vehumet.
  3256 | D:2      | Noticed Crazy Yiuf
  3269 | D:2      | Noticed Natasha
  3269 | D:2      | Killed Crazy Yiuf
  3269 | D:2      | Reached skill level 1 in Shields
  3269 | D:2      | Reached XP level 6. HP: 22/50 MP: 7/7
  3274 | D:2      | Slain by Natasha

Vault maps used:
D:1:      eino_arrival_druids_welcome, tso_altar
D:2:      gammafunk_temple_overflow_elements, uniq_crazy_yiuf_cottage,
          uniq_robin, uniq_natasha
Abyss:1:  evilmike_abyss_exit_11, hangedman_decor_points

Skill      XL: |  1  2  3  4  5 |
---------------+----------------+-----
Fighting       | 4 |  4.8
Armour         | 3 |  3.7
Axes           | 3 |  3.7
Shields        | 1 |  1.2
Dodging        | |  0.8
Invocations    | |  2.1

Action                   |  1- 3 |  4- 6 || total
-------------------------+-------+-------++-------
Melee: Hand axe          |    88 |   175 ||   263
Invok: Depart the Abyss  |     1 |       ||     1
 Abil: Dig               |       |     5 ||     5
  Use: Potion            |       |     4 ||     4
  Eat: Chunk             |     1 |     7 ||     8
Armor: Leather armour    |    15 |    29 ||    44
       Skin              |       |     8 ||     8
Dodge: Dodged            |    54 |    86 ||   140
Block: Buckler           |       |     9 ||     9
